 Dungeon Crawl Stone Soup version 0.29-a0-887-gcbe080d7e0 (webtiles) character file.

Game seed: 4110695127504124184

2921 purpskrrrp the Covert (level 10, -4/57 HPs)
             Began as a Kobold Hunter on July 21, 2022.
             Was a Believer of Okawaru.
             Slain by an orc warrior
             ... wielding a +0 glaive
              (16 damage)
             ... on level 7 of the Dungeon.
             The game lasted 00:35:52 (8526 turns).

purpskrrrp the Covert (Kobold Hunter)               Turns: 8526, Time: 00:35:53

Health: -4/57      AC: 14    Str: 15    XL:     10   Next: 6%
Magic:  10/10      EV: 16    Int: 11    God:    Okawaru [**....]
Gold:   333        SH:  0    Dex: 22    Spells: 9/9 levels left

rFire   . . .      SeeInvis .   J - +2 scimitar (holy)
rCold   . . .      Faith    .   s - orb {mayhem}
rNeg    . . .      Spirit   .   E - +0 swamp dragon scales
rPois   +          Reflect  .   (no helmet)
rElec   .          Harm     .   r - +1 cloak
rCorr   .          Rampage  .   d - +0 pair of gloves
Will    .....                   (no boots)
Stlth   +++++.....              (no amulet)
HPRegen 0.19/turn               f - +4 ring of protection
MPRegen 0.12/turn               o - +6 ring of strength

@: no status effects
A: small, no large weapons, nightstalker 3
a: Renounce Religion, Heroism


You were on level 7 of the Dungeon.
You worshipped Okawaru.
Okawaru was pleased with you.
You visited 2 branches of the dungeon, and saw 11 of its levels.
You also visited: Ossuary.

You collected 333 gold pieces.

Inventory:

Hand Weapons
 a - a +0 shortbow
 e - a +2 falchion of holy wrath
 g - a +2 dagger of venom
 i - a +2 vorpal spear
 J - a +2 scimitar of holy wrath (weapon)
Missiles
 D - 5 poisoned darts
 H - 4 atropa-tipped darts (quivered)
Armour
 c - a +0 leather armour
 d - a +0 pair of gloves (worn)
 r - a +1 cloak (worn)
 s - an orb of mayhem (worn)
 z - a +1 robe of the Archmagi
 E - +0 swamp dragon scales (worn)
Magical Staves
 h - a staff of conjuration
Jewellery
 f - a +4 ring of protection (left hand)
 o - a +6 ring of strength (right hand)
Wands
 m - a wand of light (10)
 t - a wand of flame (41)
 C - a wand of roots (12)
 G - a wand of charming (9)
Scrolls
 b - a scroll of immolation
 n - 2 scrolls of vulnerability
 w - a scroll of butterflies
 y - a scroll of teleportation
 A - a scroll of blinking
 B - 2 scrolls of identify
 I - a scroll of amnesia
Potions
 j - a potion of berserk rage
 k - a potion of invisibility
 l - 3 potions of attraction
 p - 3 potions of curing {unknown}
 q - a potion of cancellation {unknown}
 u - 3 potions of lignification {unknown}
 v - a potion of brilliance {unknown}
 x - 4 potions of heal wounds {unknown}
 F - a potion of might {unknown}
 K - 2 potions of resistance {unknown}


   Skills:
 + Level 4.3 Fighting
 * Level 6.6(8.7) Short Blades
 + Level 5.5(6.1) Long Blades
 * Level 8.7 Ranged Weapons
 + Level 0.3 Throwing
 + Level 4.4 Dodging
 * Level 10.0 Stealth
 + Level 0.5 Invocations
 + Level 1.5 Evocations


You had 9 spell levels left.
You didn't know any spells.
Your spell library contained the following spells:

 Spells                   Type           Power      Damage    Failure   Level
 Sublimation of Blood     Necr           0%         N/A       71%         2
 Wereblood                Tmut           0%         N/A       71%         2
 Dazzling Flash           Conj/Hex       0%         N/A       91%         3
 Frozen Ramparts          Ice            0%         1d2       91%         3
 Stone Arrow              Conj/Erth      0%         3d7       91%         3
 Ice Form                 Ice/Tmut       0%         N/A       100%        4
 Iskenderun's Mystic Bla  Conj/Tloc      0%         2d3       100%        4
 Starburst                Conj/Fire      0%         6d3       100%        6
 Lehudib's Crystal Spear  Conj/Erth      0%         10d2      100%        8
 Animate Armour           Summ/Erth      Unusable   N/A       N/A         4
 Summon Ice Beast         Ice/Summ       Unusable   N/A       N/A         4
 Summon Hydra             Summ           Unusable   N/A       N/A         7

Dungeon Overview and Level Annotations

Branches:
Dungeon (10/15)            Temple (1/1) D:4         Ossuary (visited)
   Lair: D:8-11         Orc: D:9-12

Altars:
Cheibriados
Elyvilon
Fedhas
Hepliaklqana
Kikubaaqudgha
Makhleb
Nemelex Xobeh
Okawaru
Ru
Sif Muna
Wu Jian
Xom
Zin
Lugonu

Shops:
D:1 *


Innate Abilities, Weirdness & Mutations

You are small and have problems with some larger weapons.
You are completely attuned to the shadows.


Message History

The sky beast closely misses you.
You slash the sky beast!
The sky beast is almost dead.
The sky beast misses you. The sky beast barely misses you.
You slash the sky beast!
You kill the sky beast!
Okawaru accepts your kill.
An orc warrior comes into view. It is wielding a +0 glaive.
An orc comes into view. It is wielding a +0 hand axe.
The orc warrior shouts!
The orc warrior hits you with a +0 glaive.
An orc wizard comes into view. It is wielding a +0 dagger.
The orc shouts!
You hit the orc warrior.
The orc warrior is lightly wounded.
The orc warrior closely misses you.
You hit the orc warrior but do no damage.
The orc warrior is lightly wounded.
The orc warrior closely misses you. The orc wizard casts a spell at you.
The magic dart hits you.
You hit the orc warrior.
The orc warrior is moderately wounded.
The orc warrior hits you with a +0 glaive.
The orc warrior closely misses you. The orc hits you with a +0 hand axe.
The orc warrior hits you with a +0 glaive!
You slash the orc warrior!
The orc warrior is heavily wounded.
The orc warrior hits you with a +0 glaive!
You hit the orc warrior but do no damage.
The orc warrior is heavily wounded.
The orc warrior hits you with a +0 glaive!
* * * LOW HITPOINT WARNING * * *
You closely miss the orc warrior.
The orc warrior is heavily wounded.
The orc warrior closely misses you.
You slash the orc warrior!
The orc warrior is almost dead.
The orc warrior hits you with a +0 glaive!
You die...

#.#.# #...# #..## ##..#
##...# #..... ###
##..#.###..... ..#
#......##..... #<###
###.#....##o....
#...####...#....@oo....
................##.....
≈.##....####....##.....
..#...### #....##.....
^##.#..### #....##.....
#......# ####.###
#####..## #...# ##..##
###.# #...# #.#


You could see an orc warrior, an orc wizard and an orc.

Vanquished Creatures
  A two-headed ogre (D:9)
  Pikel (D:5)
  A hornet (D:7)
  2 wyverns
  Duvessa (D:4)
  An orc warrior (D:6)
  A sky beast (D:7)
  A lemure (D:5)
  Blork the orc (D:5)
  An elf zombie (Ossuary)
  2 bullfrogs
  A necrophage (D:6)
  Dowan (D:4)
  2 centaur zombies (Ossuary)
  3 orc priests
  3 hounds (D:6)
  2 jellies
  2 iguanas (D:6)
  Natasha (twice) (D:3)
  4 orc wizards
  Ijyb (D:5)
  A mummy (Ossuary)
  6 adders
  A shadow imp (D:6)
  A white imp (D:6)
  2 ufetubi
  An adder zombie (Ossuary)
  2 worms
  2 dart slugs
  11 orcs
  4 ball pythons
  13 endoplasms
  3 giant cockroaches
  9 goblins
  5 hobgoblins
  2 jackals (D:3)
  5 quokkas
  7 bats
  6 frilled lizards
  A goblin zombie (Ossuary)
  7 hobgoblin zombies (Ossuary)
  8 kobolds
  8 kobold zombies (Ossuary)
  11 orc zombies (Ossuary)
  9 rats
  2 rat zombies (Ossuary)
161 creatures vanquished.

Vanquished Creatures (collateral kills)
  A mummy (Ossuary)
  2 orcs
  3 kobold zombies (Ossuary)
6 creatures vanquished.

Vanquished Creatures (others)
  An orc (D:7)
  2 demonic plants (Temple)
3 creatures vanquished.

Grand Total: 170 creatures vanquished

Notes
Turn   | Place    | Note
-------+----------+-------------------------------------------
     0 | D:1      | purpskrrrp the Kobold Hunter began the quest for the Orb.
     0 | D:1      | Reached XP level 1. HP: 12/12 MP: 1/1
   238 | D:1      | Reached skill level 2 in Stealth
   438 | D:1      | Reached XP level 2. HP: 13/17 MP: 2/2
   749 | D:1      | Reached XP level 3. HP: 21/21 MP: 3/3
   810 | D:1      | Found Yfoanto's Assorted Antiques.
  1045 | D:1      | Found a faded altar of an unknown god.
  1371 | D:2      | Reached skill level 1 in Short Blades
  1371 | D:2      | Reached XP level 4. HP: 26/26 MP: 4/4
  1556 | D:2      | Reached skill level 3 in Stealth
  2354 | D:3      | Reached XP level 5. HP: 31/31 MP: 5/5
  2467 | D:3      | Noticed Natasha
  2474 | D:3      | Killed Natasha
  2475 | D:3      | Reached skill level 4 in Stealth
  2932 | D:3      | Noticed Natasha
  2936 | D:3      | Killed Natasha
  2950 | D:3      | Found a sparkling altar of Nemelex Xobeh.
  3000 | D:3      | Found an ancient bone altar of Kikubaaqudgha.
  3029 | D:3      | Found a sacrificial altar of Ru.
  3029 | D:3      | Found a shimmering altar of Xom.
  3033 | D:3      | Found an ornate altar of the Wu Jian Council.
  3034 | D:3      | Found a burning altar of Makhleb.
  3036 | D:3      | Found a shimmering blue altar of Sif Muna.
  3036 | D:3      | Found a glowing silver altar of Zin.
  3037 | D:3      | Found an iron altar of Okawaru.
  3303 | D:4      | Reached skill level 1 in Long Blades
  3303 | D:4      | Reached XP level 6. HP: 36/36 MP: 6/6
  3328 | D:4      | Found a staircase to the Ecumenical Temple.
  3346 | Temple   | Entered the Ecumenical Temple
  3840 | D:3      | Became a worshipper of Warmaster Okawaru
  3944 | D:4      | Noticed Duvessa
  3945 | D:4      | Noticed Dowan
  3961 | D:4      | Killed Duvessa
  3962 | D:4      | Reached skill level 5 in Stealth
  3966 | D:4      | Killed Dowan
  4210 | D:4      | Found a white marble altar of Elyvilon.
  4237 | D:4      | Reached skill level 6 in Stealth
  4237 | D:4      | Reached XP level 7. HP: 39/40 MP: 7/7
  4442 | D:5      | Entered Level 5 of the Dungeon
  4492 | D:5      | Found a blossoming altar of Fedhas.
  4528 | D:5      | Noticed Ijyb
  4536 | D:5      | Killed Ijyb
  4550 | D:5      | Found a sand-covered staircase.
  4564 | Ossuary  | Entered an ossuary
  4768 | Ossuary  | Reached skill level 7 in Stealth
  5006 | D:5      | Noticed Pikel
  5024 | D:5      | Killed Pikel
  5024 | D:5      | Reached * piety under Okawaru
  5025 | D:5      | Reached XP level 8. HP: 21/46 MP: 8/8
  5216 | D:5      | Noticed Blork the orc
  5222 | D:5      | Killed Blork the orc
  5825 | D:6      | Reached skill level 1 in Evocations
  5856 | D:6      | Reached skill level 8 in Stealth
  5989 | D:6      | Reached skill level 5 in Short Blades
  6224 | D:6      | Found a snail-covered altar of Cheibriados.
  6269 | D:6      | Reached XP level 9. HP: 51/51 MP: 9/9
  7332 | D:6      | Found a hazy altar of Hepliaklqana.
  7745 | D:7      | You fall into a shaft and drop 3 floors!
  7745 | D:10     | Entered Level 10 of the Dungeon
  7773 | D:10     | Noticed a troll
  8169 | D:9      | Noticed a two-headed ogre
  8182 | D:9      | Killed a two-headed ogre
  8183 | D:9      | Reached skill level 5 in Long Blades
  8183 | D:9      | Reached skill level 9 in Stealth
  8189 | D:9      | Reached ** piety under Okawaru
  8323 | D:8      | Noticed a hornet
  8372 | D:7      | Killed a hornet
  8373 | D:7      | Reached skill level 10 in Stealth
  8373 | D:7      | Reached XP level 10. HP: 56/56 MP: 7/10
  8526 | D:7      | Slain by an orc warrior

Illustrated notes

Levels and vault maps discovered:
D:1:      mushboom_english_gardens, layout_basic, serial_shops,
          nicolae_square_shop, serial_glass, glass_columns_a, glass_columns_b,
          glass_columns_b, glass_columns_b, glass_columns_a, glass_columns_c,
          hellmonk_ecumenical_altar_defaced_shrine, kennysheep_pointless_box,
          hangedman_glass_teeth
D:2:      layout_loops_ring
D:3:      layout_basic, tgw_kikubaaqudgha, lemuel_coloured_pillars_altar,
          minitemple, uniq_natasha
D:4:      layout_rooms, mainiacjoe_overflow_alcove_4,
          minmay_temple_entry_statues_pillars, chequers_serial_rivers_small_b,
          uniq_duvessa
D:5:      layout_loops_ring, kennysheep_mini_moat, chequers_ossuary_entry_cave,
          uniq_blork_the_orc, uniq_ijyb, uniq_pikel
D:6:      layout_loops_corners, cheibrodos_worm_habitat,
          nicolae_overflow_hidden_temple
D:7:      layout_rooms, minmay_statues_item, nicolae_water_bricks
D:8:      layout_cave_pools, grunt_dithmenos_smoke_and_mirrors,
          lemuel_round_altar, trog_butcher_becter,
          nicolae_overflow_crystal_walls, serial_column_ruins,
          column_ruins_columns_dead_end, column_ruins_grid_2,
          column_ruins_grid_2
D:9:      layout_long_grid, eat_drink_and_be_merry_uskayaw,
          gammafunk_ghost_hive, grunt_decor_resistance, minmay_misc_feat_rugged,
          nicolae_lava_and_water, grunt_ministairs_6, kennysheep_cross_room
D:10:     layout_roguey, dk_yredelemnul_ordeal, lemuel_doored_altar,
          enter_trove_3
Temple:   nicolae_temple_total_abyssal_victory

Skill      XL: |  1  2  3  4  5  6  7  8  9 |
---------------+----------------------------+-----
Stealth        | 2 3 4 6 7 8 10 | 10.0
Ranged Weapons | 6 7 8 |  8.7
Short Blades   | 1 2 3 4 5 6 |  6.6
Long Blades    | 1 3 5 |  5.5
Dodging        | 3 4 |  4.4
Fighting       | 3 4 |  4.3
Evocations     | 1 |  1.5
Throwing       | |  0.3
Invocations    | |  0.5

Action                   |  1- 3 |  4- 6 |  7- 9 | 10-12 || total
-------------------------+-------+-------+-------+-------++-------
Melee: Dagger            |    30 |    42 |       |       ||    72
       Falchion          |       |    75 |   221 |       ||   296
       Punch             |       |     1 |       |       ||     1
       Scimitar          |       |       |     4 |    23 ||    27
 Fire: Shortbow          |    36 |       |       |       ||    36
Throw: Dart              |       |       |     3 |       ||     3
Invok: Heroism           |       |       |     4 |       ||     4
Evoke: Wand              |       |     2 |     3 |       ||     5
  Use: Scroll            |       |     9 |     8 |       ||    17
       Potion            |       |       |     3 |       ||     3
 Stab: Sleeping          |    12 |    27 |    16 |     2 ||    57
       Distracted        |       |     1 |     2 |       ||     3
Armor: Leather armour    |    11 |    22 |    42 |       ||    75
       Swamp dragon scal |       |       |    18 |     6 ||    24
Dodge: Dodged            |    32 |    64 |   189 |    14 ||   299

Table legend: (Time is in decaauts)
 A = Elapsed time spent in this place.
 B = Non-inter-level travel time spent in this place.
 C = Inter-level travel time spent in this place.
 D = Time resting spent in this place.
 E = Time spent auto-exploring this place.
 F = Levels seen in this place.
 G = Mean time per level.
                   A        B        C        D        E       F      G
               +--------+--------+--------+--------+--------+-----+--------+
         Total |   8588 |   7880 |    708 |   1178 |   5228 |  12 |  715.7 |
       Dungeon |   7998 |   7290 |    708 |   1175 |   4950 |  10 |  799.8 |
        Temple |    275 |    275 |      0 |      0 |    158 |   1 |  275.0 |
       Ossuary |    314 |    314 |      0 |      3 |    120 |   1 |  314.0 |
               +--------+--------+--------+--------+--------+-----+--------+

Top non-repeatable levels by time:
     D:6: 1682 daAuts
     D:3: 1283 daAuts
     D:1: 1265 daAuts
     D:5: 1063 daAuts
     D:4: 827 daAuts
     D:2: 815 daAuts
     D:7: 435 daAuts
    D:10: 418 daAuts
 Ossuary: 314 daAuts
  Temple: 275 daAuts
     D:9: 158 daAuts
     D:8: 49 daAuts
